 Dungeon Crawl Stone Soup version 0.23.1-37-gaa34b87b72 (webtiles) character file.

Game seed: 8598923340461607157

225 PentaManta the Shooter (level 5, -2/27 HPs)
             Began as a Spriggan Hunter on Mar 25, 2019.
             Was an Initiate of Okawaru.
             Killed by divine providence
             ... invoked by an orc priest
              (14 damage)
             ... on level 4 of the Dungeon.
             The game lasted 00:04:43 (2263 turns).

PentaManta the Shooter (Spriggan Hunter)            Turns: 2263, Time: 00:04:43

Health: -2/27      AC:  2    Str: 14    XL:     5   Next: 68%
Magic:  6/6        EV: 20    Int: 13    God:    Okawaru [......]
Gold:   127        SH:  0    Dex: 17    Spells: 4/4 levels left

rFire    . . .     SeeInvis +   a - +1 shortbow
rCold    + . .     Gourm    .   (shield currently unavailable)
rNeg     . . .     Faith    .   c - +0 robe
rPois    +         Spirit   .   s - +0 hat of Wiliarch {rPois rC+ Str+6}
rElec    .         Reflect  .   (no cloak)
rCorr    .         Harm     .   (gloves unavailable)
MR       .....                  (boots unavailable)
Stlth    +++.......             (no amulet)
HPRegen  0.09/turn              (no ring)
MPRegen  0.10/turn              (no ring)

@: very quick
A: very small, unfitting armour, see invisible, herbivore, speed 3, slow
metabolism 2
a: Renounce Religion


You were on level 4 of the Dungeon.
You worshipped Okawaru.
Okawaru was noncommittal.
You were not hungry.

You visited 1 branch of the dungeon, and saw 4 of its levels.

You collected 127 gold pieces.

Inventory:

Hand Weapons
 a - a +1 shortbow (weapon)
 b - a +0 short sword
Armour
 c - a +0 robe (worn)
 s - the +0 hat of Wiliarch (worn) {rPois rC+ Str+6}
   (You found it on level 4 of the Dungeon)

   It affects your strength (+6).
   It protects you from cold.
   It protects you from poison.
Jewellery
 l - an uncursed ring of flight {unknown}
 n - a +3 ring of evasion {unknown}
 t - an uncursed ring of ice {unknown}
Scrolls
 e - 5 scrolls of identify {unknown}
 i - a scroll of immolation {unknown}
 j - 2 scrolls of enchant armour {unknown}
 k - a scroll of blinking {unknown}
 o - 2 scrolls of remove curse {unknown}
 q - a scroll of magic mapping {unknown}
 r - a scroll of noise {unknown}
Potions
 g - 2 potions of magic {unknown}
 h - 3 potions of brilliance {unknown}
 m - a potion of curing {unknown}
 p - a potion of might {unknown}
Comestibles
 f - 6 rations


   Skills:
 + Level 2.6 Fighting
 * Level 6.5 Bows
 + Level 4.7 Dodging
 + Level 4.0 Stealth


You had 4 spell levels left.
You didn't know any spells.
Your spell library was empty.

Dungeon Overview and Level Annotations

Branches:
Dungeon (4/15)
 Temple: D:4-7

Altars:
Kikubaaqudgha
Okawaru
Ru
Vehumet
Xom


Innate Abilities, Weirdness & Mutations

You are very small and have problems with some larger weapons.
You are too small for most types of armour.
You have supernaturally acute eyesight. (SInv)
You are a herbivore.
You cover ground extremely quickly.
You need to consume almost no food.


Message History

The orc priest is severely wounded.
The orc priest invokes the aid of Beogh against you.
Beogh smites you!
Firing (i - inventory)
d - 2 arrows (quivered)
Press: ? - help, Shift-Dir - straight line, f/p - orc priest
Aim: an orc priest, wielding a +0 trident and wearing a +0 leather armour (severely wounded)
You shoot an arrow.
The arrow closely misses the orc priest.
The orc priest barely misses you.
Firing (i - inventory)
d - an arrow (quivered)
Press: ? - help, Shift-Dir - straight line, f/p - orc priest
Aim: an orc priest, wielding a +0 trident and wearing a +0 leather armour (severely wounded)
You shoot an arrow. The arrow barely misses the orc priest.
The arrow closely misses the orc priest.
An orc wizard comes into view.
It is wielding a +0 dagger and wearing a +0 robe of fire resistance.
The orc priest hits you from afar with a +0 trident.
The orc priest calls down the wrath of Beogh upon you.
Beogh smites you!
Ouch! That really hurt!
You die...

#...#....############
#...#.....#....##...##
#.........#...##.....#### #
#...##..#.....#.......#.## #
####...##........#..._...#..####
#......##.##.#...#.......#......
#......##.##.....##.....##...#..
#......##.####....##...##....#.#
#......##.#####@#####o##....#..#
#.......#..#.....oo(((#......)<.
#.....^.##.#.†....(..(.(.....###
#.......##.#.................# #
####.##.##...........#.(.....#
#..#.#............##.....##
##....#..............>.....
##.#............#.........#
#...#...<...........#.##...


You could see 2 orc priests.

Vanquished Creatures
  A centaur (D:3)
  A worker ant (D:4)
  5 adders
  An ooze (D:1)
  2 dart slugs
  3 leopard geckos
  3 orcs
  A ball python (D:3)
  6 bats
  4 giant cockroaches
  5 goblins
  6 hobgoblins
  3 jackals (D:1)
  A quokka (D:3)
  5 frilled lizards
  5 kobolds
  8 rats
60 creatures vanquished.

Notes
Turn   | Place    | Note
-------+----------+-------------------------------------------
     0 | D:1      | PentaManta the Spriggan Hunter began the quest for the Orb.
     0 | D:1      | Reached XP level 1. HP: 10/10 MP: 2/2
    80 | D:1      | Reached skill level 5 in Bows
    83 | D:1      | Reached XP level 2. HP: 10/15 MP: 3/3
   350 | D:1      | Reached XP level 3. HP: 18/18 MP: 4/4
   738 | D:2      | Found a sacrificial altar of Ru.
   807 | D:2      | Reached XP level 4. HP: 23/23 MP: 5/5
   911 | D:2      | You fall through a shaft!
   994 | D:3      | Noticed a centaur
  1002 | D:3      | Killed a centaur
  1002 | D:3      | Reached skill level 6 in Bows
  1002 | D:3      | Reached XP level 5. HP: 3/27 MP: 6/6
  1525 | D:3      | Found an iron altar of Okawaru.
  1525 | D:3      | Found an ancient bone altar of Kikubaaqudgha.
  1526 | D:3      | Found a shimmering altar of Xom.
  1601 | D:3      | Became a worshipper of Warmaster Okawaru
  2173 | D:4      | Found a radiant altar of Vehumet.
  2180 | D:4      | Got a dazzling hat
  2186 | D:4      | Identified the +0 hat of Wiliarch {rPois rC+ Str+6} (You
                  | found it on level 4 of the Dungeon)
  2263 | D:4      | Killed from afar by an orc priest

Skill      XL: |  1  2  3  4  5 |
---------------+----------------+-----
Bows           | 5 6 |  6.5
Stealth        | 2 3 4 |  4.0
Fighting       | 2 |  2.6
Dodging        | 4 |  4.7

Action                   |  1- 3 |  4- 6 || total
-------------------------+-------+-------++-------
 Fire: Shortbow          |    90 |    96 ||   186
Armor: Robe              |     4 |     1 ||     5
Dodge: Dodged            |    27 |    30 ||    57
